 Dungeon Crawl Stone Soup version 0.25.0-9-g26727b657a (webtiles) character file.

Game seed: 5124402623003546200

80 Dirian the Covered (level 4, -1/40 HPs)
             Began as a Minotaur Fighter on June 17, 2020.
             Slain by an orc
             ... wielding a cursed +0 flail
              (2 damage)
             ... on level 3 of the Dungeon.
             The game lasted 00:01:45 (1890 turns).

Dirian the Covered (Minotaur Fighter)               Turns: 1890, Time: 00:01:46

Health: -1/40      AC:  7    Str: 21    XL:     4   Next: 18%
Magic:  3/3        EV:  7    Int:  5    God:
Gold:   122        SH:  9    Dex: 10    Spells: 3/3 levels left

rFire    . . .     SeeInvis .   a - +0 long sword
rCold    . . .     Gourm    .   c - +0 kite shield
rNeg     . . .     Faith    .   b - +0 scale mail
rPois    .         Spirit   .   (helmet restricted)
rElec    .         Reflect  .   (no cloak)
rCorr    .         Harm     .   (no gloves)
MR       .....                  (no boots)
Stlth    ..........             (no amulet)
HPRegen  0.13/turn              (no ring)
MPRegen  0.08/turn              (no ring)

@: no status effects
A: retaliatory headbutt, horns 2
a: no special abilities


You were on level 3 of the Dungeon.
You were not hungry.

You visited 1 branch of the dungeon, and saw 3 of its levels.

You collected 122 gold pieces.

Inventory:

Hand Weapons
 a - a +0 long sword (weapon)
Armour
 b - a +0 scale mail (worn)
 c - a +0 kite shield (worn)
 j - a +0 chain mail
Jewellery
 n - a cursed -4 ring of protection {unknown}
Scrolls
 f - a scroll of noise {unknown}
 g - a scroll of fog {unknown}
 h - a scroll of teleportation {unknown}
 m - a scroll of identify {unknown}
Potions
 i - a potion of mutation {unknown}
 k - a potion of cancellation {unknown}
 l - 2 potions of degeneration {unknown}
 o - a potion of brilliance {unknown}
 p - a potion of stabbing {unknown}
Comestibles
 d - a chunk of flesh
 e - a ration


   Skills:
 + Level 4.1 Fighting
 * Level 3.9 Long Blades
 + Level 4.2 Armour
 + Level 4.2 Shields


You had 3 spell levels left.
You didn't know any spells.
Your spell library was empty.

Dungeon Overview and Level Annotations

Branches:
Dungeon (3/15)

Altars:
Elyvilon
Hepliaklqana


Innate Abilities, Weirdness & Mutations

You reflexively headbutt those who attack you in melee.
You have a pair of horns on your head.


Message History

You kill the hobgoblin!
The centaur hits you!
You barely miss the centaur. The centaur hits you.
* * * LOW HITPOINT WARNING * * *
You block the centaur's attack.
You hit the centaur but do no damage. Your headbutt misses the centaur.
You block the centaur's attack. You block the orc's attack.
The centaur hits you.
* * * LOW HITPOINT WARNING * * *
You slash the centaur! You headbutt the centaur.
The centaur is almost dead.
The orc closely misses you.
The centaur hits you but does no damage.
You closely miss the centaur.
The centaur is almost dead.
You block the centaur's attack. The orc hits you but does no damage.
The centaur hits you.
* * * LOW HITPOINT WARNING * * *
The orc hits you with a cursed +0 flail.
You die...

##############
####$.c.........#
......o@.((####.#
####.#####.# #†#
#.# #.####
#.####....#
#.......#.#
######....#
#.#(## #.<..#
#.#.#.#


You could see a centaur and an orc.

Vanquished Creatures
  Terence (D:2)
  2 adders (D:2)
  2 leopard geckos
  3 goblins
  9 hobgoblins
  2 ball pythons
  2 bats (D:2)
  2 frilled lizards
  7 kobolds
  8 rats
38 creatures vanquished.

Notes
Turn   | Place    | Note
-------+----------+-------------------------------------------
     0 | D:1      | Dirian the Minotaur Fighter began the quest for the Orb.
     0 | D:1      | Reached XP level 1. HP: 19/19 MP: 0/0
   674 | D:1      | Reached XP level 2. HP: 27/27 MP: 1/1
   996 | D:2      | Reached XP level 3. HP: 33/33 MP: 2/2
   999 | D:2      | Found a hazy altar of Hepliaklqana.
  1069 | D:2      | Found a white marble altar of Elyvilon.
  1083 | D:2      | Noticed Terence
  1105 | D:2      | Killed Terence
  1105 | D:2      | Reached XP level 4. HP: 12/40 MP: 3/3
  1878 | D:3      | Noticed a centaur
  1890 | D:3      | HP: 1/40 [centaur (5)]
  1890 | D:3      | Slain by an orc

Illustrated notes

Levels and vault maps discovered:
D:1:      nicolae_arrival_washed_ashore, layout_loops_cross
D:2:      layout_loops_cross, marbit_many_paths, elyvilon_altar_3,
          serial_rivers, chequers_serial_rivers_micro_a,
          chequers_serial_rivers_small_3, chequers_serial_rivers_room_b,
          chequers_serial_rivers_micro_c, chequers_serial_rivers_micro_e,
          chequers_serial_rivers_small_a, uniq_terence
D:3:      layout_loops_ring, zin_academy, uniq_robin, uniq_grinder

Skill      XL: |  1  2  3 |
---------------+----------+-----
Long Blades    | 3 |  3.9
Armour         | 4 |  4.2
Fighting       | 4 |  4.1
Shields        | 4 |  4.2

Action                   |  1- 3 |  4- 6 || total
-------------------------+-------+-------++-------
Melee: Long sword        |    60 |    26 ||    86
       Headbutt          |    10 |     4 ||    14
  Use: Potion            |     1 |       ||     1
  Eat: Chunk             |     1 |     2 ||     3
Armor: Scale mail        |    39 |    13 ||    52
Dodge: Dodged            |    18 |    10 ||    28
Block: Kite shield       |    36 |    18 ||    54
       Rpst.: Long sword |     4 |     1 ||     5
